 Dungeon Crawl Stone Soup version 0.23-a0-635-g88ca12a (webtiles) character file.

125853 Gorice the Warrior (level 16, -20/138 HPs)
             Began as a Demonspawn Wanderer on Dec 27, 2018.
             Was the Champion of Makhleb.
             Blown up by an orb spider (42 damage)
             ... with an orb of destruction
             ... on level 3 of the Spider Nest.
             The game lasted 02:33:16 (29480 turns).

Gorice the Warrior (Demonspawn Wanderer)           Turns: 29480, Time: 02:33:16

Health: -20/138    AC: 26    Str: 19    XL:     16   Next: 42%
Magic:  19/23      EV: 10    Int: 13    God:    Makhleb [******]
Gold:   3093       SH:  4    Dex: 14    Spells: 15/15 levels left

rFire    . . .     SeeInvis .   a - +0 eveningstar (crush)
rCold    + + .     Gourm    .   (no shield)
rNeg     . . .     Faith    .   v - +2 plate armour {MR+}
rPois    +         Spirit   .   (helmet unavailable)
rElec    .         Reflect  .   U - scarf {repulsion}
rCorr    .         Harm     .   g - +2 pair of gloves of Hoapof {rC+}
MR       ++...                  x - +2 pair of boots "Hob Dara" {rC+}
Stlth    ..........             J - amulet of regeneration
HPRegen  0.73/turn              p - ring of poison resistance
MPRegen  0.18/turn              e - +3 ring of evasion

@: marked, repel missiles
A: horns 3, large bone plates 1, nightstalker 1, powered by death 3
a: Minor Destruction, Lesser Servant of Makhleb, Major Destruction, Greater
Servant of Makhleb, Renounce Religion


You were on level 3 of the Spider Nest.
You worshipped Makhleb.
Makhleb was exalted by your worship.
You were hungry.

You visited 5 branches of the dungeon, and saw 27 of its levels.
You also visited: Sewer, Gauntlet, Ice Cave and Volcano.

You collected 3213 gold pieces.
You spent 120 gold pieces at shops.

Inventory:

Hand Weapons
 a - a +0 eveningstar of crushing (weapon)
   (You took it off Louise on level 1 of the Spider Nest)
 b - the +2 demon whip of Discord {pain, rF+++ rN+ Str+3}
   (You found it in a Gauntlet)

   In the hands of one skilled in necromantic magic, it inflicts extra damage on
   living creatures.
   It affects your strength (+3).
   It renders you almost immune to fire.
   It protects you from negative energy.
 K - a +3 dire flail of protection
   (You took it off Edmund on level 6 of the Dungeon)
Missiles
 S - 30 javelins (quivered)
 Z - 2 throwing nets {!f}
Armour
 g - the +2 pair of gloves of Hoapof (worn) {rC+}
   (You found it in a Gauntlet)

   It protects you from cold.
 v - a +2 plate armour of magic resistance (worn)
   (You took it off an orc warrior on level 2 of the Orcish Mines)
 w - a +2 pair of gloves of archery
   (You found it in an ice cave)
 x - the +2 pair of boots "Hob Dara" (worn) {rC+}
   (You found it on level 9 of the Dungeon)

   It protects you from cold.
 z - the +0 pair of boots of Oproihoef {SInv}
   (You found it in an ice cave)

   It lets you see invisible.
 U - a scarf of repulsion (worn)
   (You found it on level 14 of the Dungeon)
Magical Staves
 k - an uncursed staff of wizardry
 V - an uncursed staff of earth
Jewellery
 e - a +3 ring of evasion (right hand)
 p - a ring of poison resistance (left hand)
 E - an uncursed ring of positive energy
 F - an uncursed ring of fire
 I - an uncursed ring of ice
 J - an amulet of regeneration (around neck)
 R - an uncursed ring of resist corrosion {unknown}
Wands
 i - a wand of clouds (4)
 q - a wand of enslavement (22)
 s - a wand of disintegration (43)
 y - a wand of iceblast (25)
 A - a wand of digging (4)
 G - a wand of acid (33)
 H - a wand of polymorph (18)
 L - a wand of paralysis (11)
 N - a wand of scattershot (5)
 O - a wand of flame (12)
Scrolls
 d - 3 scrolls of fear {!r}
 r - 8 scrolls of identify
 t - a scroll of fog
 u - 6 scrolls of remove curse
 C - 16 scrolls of teleportation {!r}
 T - a scroll of silence {!r}
 W - a scroll of amnesia
 Y - 3 scrolls of magic mapping {!r}
Potions
 c - 2 potions of haste {!q}
 h - 2 potions of flight
 j - a potion of ambrosia
 l - 10 potions of curing
 m - 2 potions of resistance {!q}
 o - 3 potions of agility {!q}
 B - 7 potions of might {!q}
 D - 2 potions of invisibility {!q}
 M - 2 potions of berserk rage
 Q - 4 potions of brilliance {!q}
 X - a potion of heal wounds {!q}
Miscellaneous
 n - a phial of floods
 P - 2 boxes of beasts
Comestibles
 f - 70 rations


   Skills:
 - Level 16.0 Fighting
 + Level 14.8 Maces & Flails
 - Level 16.0 Armour
 - Level 1.7 Stealth
 + Level 9.9 Invocations


You had 15 spell levels left.
You didn't know any spells.
Your spell library contained the following spells:

 Spells                   Type           Power        Failure   Level  Hunger
 Animate Skeleton         Necr           N/A          98%         1    ##.....
 Corona                   Hex            #......      98%         1    ##.....
 Magic Dart               Conj           #...         98%         1    ##.....
 Pain                     Necr           #...         98%         1    ##.....
 Sandblast                Erth           #.....       98%         1    ##.....
 Shock                    Conj/Air       #...         98%         1    ##.....
 Blink                    Tloc           N/A          99%         2    ###....
 Call Imp                 Summ           #.......     99%         2    ###....
 Passwall                 Tmut/Erth      #.......     99%         2    ###....
 Slow                     Hex            #.......     99%         2    ###....
 Swiftness                Chrm/Air       #.......     99%         2    ###....
 Throw Frost              Conj/Ice       #.....       99%         2    ###....
 Conjure Flame            Conj/Fire      #.......     100%        3    ####...
 Ignite Poison            Fire/Tmut/Pois #.......     100%        3    ####...
 Inner Flame              Hex/Fire       #.......     100%        3    ####...
 Mephitic Cloud           Conj/Pois/Air  #.......     100%        3    ####...
 Portal Projectile        Hex/Tloc       #.....       100%        3    ####...
 Recall                   Summ/Tloc      N/A          100%        3    ####...
 Regeneration             Chrm/Necr      #.........   100%        3    ####...
 Static Discharge         Conj/Air       #.......     100%        3    ####...
 Stone Arrow              Conj/Erth      #.....       100%        3    ####...
 Vampiric Draining        Necr           #.........   100%        3    ####...
 Airstrike                Air            #.........   100%        4    #####..
 Animate Dead             Necr           N/A          100%        4    #####..
 Cause Fear               Hex            #.........   100%        4    #####..
 Leda's Liquefaction      Hex/Erth       #.........   100%        4    #####..
 Olgreb's Toxic Radiance  Pois           #.......     100%        4    #####..
 Sticky Flame             Conj/Fire      #.......     100%        4    #####..
 Aura of Abjuration       Summ           #.........   100%        5    ######.
 Borgnjor's Vile Clutch   Necr/Erth      #.........   100%        5    ######.
 Lightning Bolt           Conj/Air       #.........   100%        5    ######.
 Summon Demon             Summ           #.........   100%        5    ######.
 Summon Forest            Summ/Tloc      #.........   100%        5    ######.
 Summon Mana Viper        Hex/Summ       #.......     100%        5    ######.
 Venom Bolt               Conj/Pois      #.........   100%        5    ######.
 Death Channel            Necr           #.........   100%        6    #######
 Shadow Creatures         Summ           N/A          100%        6    #######
 Simulacrum               Ice/Necr       #.........   100%        6    #######


Dungeon Overview and Level Annotations

Branches:
Dungeon (15/15)            Temple (1/1) D:4            Lair (6/6) D:8
 Shoals (0/4) Lair:3       Spider (3/4) Lair:4        Slime (0/5) Lair:5
    Orc (2/2) D:11            Elf (0/3) Orc:2        Vaults (0/5) D:13
 Depths (0/5) D:15

Altars:
Ashenzari
Cheibriados
Dithmenos
Elyvilon
Fedhas
Gozag
Hepliaklqana
Kikubaaqudgha
Makhleb
Nemelex Xobeh
Okawaru
Qazlal
Ru
Sif Muna
Trog
Uskayaw
Vehumet
Wu Jian
Xom
Yredelemnul
Zin
The Shining One
Beogh

Shops:
Orc:1 ?   Orc:2 ?}?(

Portals:
Hell: Lair:6

Annotations:
D:10 exclusion: orange crystal statue
D:15 Oppon's ghost, veteran MfBe
Lair:6 exclusion: 2 oklob plants


Innate Abilities, Weirdness & Mutations

You have a pair of large horns on your head.
You are partially covered in large bone plates. (SH +4)
You are slightly more attuned to the shadows.
You regenerate a lot of health from kills.


Message History

The orb spider weaves a glowing orb of energy.
An orb of destruction comes into view.
Damage: 6 (max 37)
The orb of destruction hits the orb spider.
The orb spider begins to weave its threads into a brightly glowing ball.
The orb of destruction hits you!
* * * LOW HITPOINT WARNING * * *
The orb of destruction hits you!
* * * LOW HITPOINT WARNING * * *
Damage: 75 (max 75)
You hit the orb spider.
The orb spider is almost dead.
A spark wasp comes into view.
The orb spider pulsates with a strange energy.
A wolf spider comes into view.
The orb spider weaves a glowing orb of energy.
An orb of destruction comes into view.
You feel you are being watched by something.
You feel your power leaking away. Something hits you but does no damage.
Deactivating autopickup; reactivate with Ctrl-A.
Something hits you but does no damage.
Something stings you but does no damage.
Okay, then.
Unknown command.
Unknown command.
Unknown command.
Unknown command.
You barely miss something. Your headbutt misses something.
The orb spider weaves a glowing orb of energy.
The spark wasp stings you.
* * * LOW HITPOINT WARNING * * *
The spark wasp shocks you!
* * * LOW HITPOINT WARNING * * *
Something hits you.
* * * LOW HITPOINT WARNING * * *
You block something's attack.
Something stings you but does no damage.
An orb of destruction comes into view.
Damage: 18 (max 75) Unknown command.
Unknown command.
Unknown command.
Unknown command.
Unknown command.
Okay, then.
Okay, then.
Really quaff
X - 2 potions of heal wounds {!q}?
You feel much better. The orb of destruction hits you!
You die...

....#................
.........^...........
.......§........^.....
.....*..........^..^.#
..............<.....# ..#.
.................s..# ###.#.
..............^.....## ... .....
................y....#(. .. ....(
..............#§@....... ( #...#
.....^......s*§§.......[ #.#(#.#
.............s...^....## #)#.#.#
.....................^....#...#<.
..............####...............
..............# ....#####^##...
..............## .#######.. ##.#
...............## ## ....###...
................# ...^^.....


You could see a spark wasp, a wolf spider and 2 orb spiders.

Vanquished Creatures
  An Ice Fiend (IceCv)
  Jorgrun (Spider:3)
  Agnes (Spider:1)
  Louise (Spider:1)
  Nessos (D:12)
  Azrael (D:15)
  The ghost of Vaxualodu the Thaumaturge, a journeyman GnIE of Gozag (Lair:2)
  A minotaur (Gauntlet)
  Snorg (Orc:2)
  9 hydras
  A great orb of eyes (Gauntlet)
  A catoblepas (Lair:6)
  2 vault guards (D:13)
  A centaur warrior (D:14)
  An ogre mage (D:15)
  6 two-headed ogres
  5 death yaks
  4 orc high priests (Orc:2)
  2 tengu warriors (D:15)
  Urug (D:11)
  The ghost of confidenceinterval the Spear-Bearer, a novice MfSu of Okawaru (D:9)
  Nergalle (D:12)
  A fire crab (shapeshifter) (D:14)
  A hell knight (Volcano)
  A sixfirhy (Lair:6)
  An unseen horror (D:14)
  A salamander mystic (Volcano)
  2 wizards
  A deep elf mage (D:14)
  2 orc sorcerers (Orc:2)
  14 wolf spiders
  6 ugly things
  11 orb spiders
  2 cyclopes
  2 moths of wrath
  4 salamanders (Volcano)
  A centaur zombie (D:14)
  5 black mambas
  3 elephants (Lair:6)
  4 naga magi (D:15)
  Joseph (D:9)
  An ice statue (IceCv)
  A torpor snail (Spider:2)
  2 molten gargoyles (Volcano)
  12 spiny frogs
  Psyche (D:12)
  A gargoyle (D:10)
  The ghost of NorthaanB the Cudgeler, a novice DsAK of Lugonu (D:6)
  2 orange demons (Lair:6)
  A smoke demon (Lair:6)
  2 rime drakes (Lair:6)
  2 centaur skeletons
  6 komodo dragons
  A freezing wraith (IceCv)
  2 kobold demonologists (D:12)
  3 anaconda simulacra (IceCv)
  10 ice devils
  2 golden dragon simulacra (IceCv)
  A queen bee (Gauntlet)
  9 demonic crawlers
  4 trolls
  10 jumping spiders
  A red devil (Lair:6)
  2 polar bears
  4 tyrant leeches
  3 hornets
  Prince Ribbit (D:5)
  20 hippogriffs
  11 dream sheep
  12 blink frogs
  11 slime creatures
  5 centaur simulacra
  11 tarantellas
  2 wraiths
  A dire elephant simulacrum (IceCv)
  A vampire (D:11)
  22 redbacks
  7 wyverns
  8 humans (D:13)
  47 yaks
  A basilisk (shapeshifter) (D:13)
  2 fire elementals (D:15)
  2 fire bats (Volcano)
  2 basilisks
  5 vampire mosquitoes
  A death yak simulacrum (IceCv)
  4 soldier ants
  Menkaure (D:5)
  2 harpy simulacra (IceCv)
  Edmund (D:6)
  4 iron troll simulacra (IceCv)
  An acid dragon (D:14)
  5 hydra simulacra (IceCv)
  7 porcupines
  15 water moccasins
  10 hell hounds
  3 ice beasts
  An alligator simulacrum (IceCv)
  2 ettin simulacra (IceCv)
  A sky beast (D:9)
  2 black bears
  21 orc warriors
  A hornet zombie (D:13)
  4 boggarts (D:14)
  4 phantoms
  12 wolves
  8 centaurs
  An eye of draining (D:10)
  9 ogres
  16 crocodiles
  5 big kobolds
  Blork the orc (D:5)
  14 bullfrogs
  A gnoll sergeant (D:7)
  4 earth elementals
  5 scorpions
  9 killer bees
  12 wights
  4 electric eels
  8 crimson imps
  3 draconian simulacra (IceCv)
  2 quasits
  A bullfrog zombie (D:12)
  8 lava snakes (Volcano)
  5 hounds
  5 bullfrog skeletons
  28 orc priests
  Crazy Yiuf (D:3)
  5 jellies
  Jessica (D:3)
  Ijyb (D:5)
  Terence (D:2)
  4 iguanas
  39 orc wizards
  2 spriggan simulacra (IceCv)
  13 worker ants
  A polar bear simulacrum (IceCv)
  2 troll simulacra (IceCv)
  2 hound zombies
  3 hound skeletons
  Robin (D:4)
  6 gnolls
  2 worker ant zombies
  2 naga simulacra (IceCv)
  15 adders
  An ogre simulacrum (IceCv)
  4 shadow imps
  9 white imps
  9 ufetubi
  4 oozes
  An adder zombie (D:5)
  3 adder skeletons
  A worm (Sewer)
  A dart slug (D:3)
  4 leopard geckos
  79 orcs
  5 giant cockroaches
  14 goblins
  7 hobgoblins
  9 jackals
  A quokka (D:5)
  2 ball pythons (Sewer)
  6 bats
  4 frilled lizards
  A jackal skeleton (D:4)
  19 kobolds
  7 rats
905 creatures vanquished.

Vanquished Creatures (collateral kills)
  An ice dragon (Spider:1)
  Pikel (D:4)
  An orb spider (Spider:1)
  An orc priest (D:6)
4 creatures vanquished.

Vanquished Creatures (others)
  A jumping spider (Spider:2)
  2 humans (D:13)
  An orc warrior (Orc:2)
  A bullfrog (D:11)
  A kobold (D:12)
  10 fungi
  9 plants
25 creatures vanquished.

Grand Total: 934 creatures vanquished

Notes
Turn   | Place    | Note
-------+----------+-------------------------------------------
     0 | D:1      | Gorice the Demonspawn Wanderer began the quest for the Orb.
     0 | D:1      | Gorice set off with the following items: a +2 mace, a
                  | scroll of teleportation {!r}, a +0 ring mail, a +0 dagger,
                  | a ration
     0 | D:1      | Reached XP level 1. HP: 15/15 MP: 1/1
    45 | D:1      | Reached skill level 3 in Maces & Flails
    71 | D:1      | Gained mutation: You have a pair of small horns on your
                  | head. [demonic ancestry]
    71 | D:1      | Reached XP level 2. HP: 21/21 MP: 2/2
   238 | D:1      | Reached skill level 4 in Armour
   238 | D:1      | Reached XP level 3. HP: 21/26 MP: 3/3
   841 | D:2      | Noticed Terence
   864 | D:2      | Killed Terence
   864 | D:2      | Reached skill level 4 in Maces & Flails
   864 | D:2      | Gained mutation: You have a pair of horns on your head.
                  | [demonic ancestry]
   864 | D:2      | Reached XP level 4. HP: 32/32 MP: 4/4
  1048 | D:3      | Noticed Jessica
  1061 | D:3      | Killed Jessica
  1584 | D:3      | Found a runed door.
  1766 | D:3      | Reached XP level 5. HP: 36/37 MP: 5/5
  1767 | D:3      | Found a glowing drain.
  1776 | Sewer    | Entered a sewer
  1921 | Sewer    | Reached skill level 5 in Maces & Flails
  2057 | Sewer    | Gained mutation: You regenerate a little health from kills.
                  | [demonic ancestry]
  2057 | Sewer    | Reached XP level 6. HP: 35/43 MP: 6/6
  2279 | D:3      | Reached skill level 5 in Armour
  2368 | D:3      | Noticed Crazy Yiuf
  2381 | D:3      | Killed Crazy Yiuf
  2642 | D:3      | Reached skill level 6 in Maces & Flails
  2733 | D:4      | Noticed a slave
  2733 | D:4      | Noticed Pikel
  2741 | D:4      | Noticed a slave
  2742 | D:4      | Noticed a slave
  2746 | D:4      | Noticed a slave
  2749 | D:4      | Killed Pikel
  2749 | D:4      | Reached XP level 7. HP: 46/48 MP: 7/7
  2757 | D:4      | Found a deep blue altar of Sif Muna.
  2760 | D:4      | Found a shadowy altar of Dithmenos.
  2760 | D:4      | Found a glowing silver altar of Zin.
  2762 | D:4      | Found a basalt altar of Yredelemnul.
  2762 | D:4      | Found a snail-covered altar of Cheibriados.
  2835 | D:4      | Reached skill level 7 in Maces & Flails
  2917 | D:4      | Noticed Robin
  2924 | D:4      | Killed Robin
  2979 | D:4      | Found a shattered altar of Ashenzari.
  3085 | D:4      | Found a glowing golden altar of the Shining One.
  3165 | D:4      | Found a bloodstained altar of Trog.
  3264 | D:4      | Found a staircase to the Ecumenical Temple.
  3289 | Temple   | Entered the Ecumenical Temple
  3374 | Temple   | Became a worshipper of Makhleb the Destroyer
  3439 | D:5      | Entered Level 5 of the Dungeon
  3471 | D:5      | Reached skill level 6 in Armour
  3543 | D:5      | Noticed Ijyb
  3557 | D:5      | Killed Ijyb
  3597 | D:5      | Noticed Menkaure
  3604 | D:5      | HP: 6/48 [Menkaure (14)]
  3607 | D:5      | Killed Menkaure
  3607 | D:5      | Gained mutation: You are slightly more attuned to the
                  | shadows. [demonic ancestry]
  3607 | D:5      | Reached XP level 8. HP: 33/54 MP: 8/8
  3693 | D:5      | Noticed Prince Ribbit
  3928 | D:5      | Reached skill level 8 in Maces & Flails
  4003 | D:5      | Noticed Blork the orc
  4017 | D:5      | Killed Blork the orc
  4358 | D:5      | Killed Prince Ribbit
  4396 | D:5      | Found a shimmering altar of Xom.
  4489 | D:5      | Reached skill level 7 in Armour
  4509 | D:5      | Reached skill level 9 in Maces & Flails
  4703 | D:6      | Found a runed door.
  4705 | D:6      | Noticed NorthaanB's ghost (novice DsAK)
  4749 | D:6      | Reached * piety under Makhleb
  4749 | D:6      | HP: 16/54 [orc wizard/magic dart (3)]
  4768 | D:6      | Gained mutation: You have a pair of large horns on your
                  | head. [demonic ancestry]
  4768 | D:6      | Reached XP level 9. HP: 33/59 MP: 9/9
  4838 | D:6      | Noticed Edmund
  5215 | D:6      | Killed Edmund
  5758 | D:7      | Reached skill level 10 in Maces & Flails
  5895 | D:7      | Got a translucent hand axe
  5925 | D:7      | Reached ** piety under Makhleb
  6077 | D:7      | Reached skill level 8 in Armour
  6204 | D:8      | Found a staircase to the Lair.
  6205 | D:8      | Noticed a komodo dragon
  6231 | D:8      | Killed a komodo dragon
  6316 | D:8      | Reached skill level 11 in Maces & Flails
  6404 | D:8      | Gained mutation: You regenerate health from kills. [demonic
                  | ancestry]
  6404 | D:8      | Reached XP level 10. HP: 65/65 MP: 10/10
  6431 | D:8      | HP: 17/65 [troll (11)]
  6432 | D:8      | HP: 8/65 [troll (10)]
  7030 | Lair:1   | Entered Level 1 of the Lair of Beasts
  7307 | Lair:1   | Reached skill level 9 in Armour
  7330 | Lair:1   | Noticed a black mamba
  7346 | Lair:1   | Killed a black mamba
  7418 | Lair:1   | Reached skill level 12 in Maces & Flails
  7747 | Lair:1   | Reached skill level 10 in Armour
  8127 | Lair:2   | Reached XP level 11. HP: 61/70 MP: 11/11
  8149 | Lair:2   | Reached *** piety under Makhleb
  8399 | Lair:2   | Reached skill level 11 in Armour
  8485 | Lair:2   | HP: 13/70 [komodo dragon (20)]
  8487 | Lair:2   | Reached skill level 13 in Maces & Flails
  9361 | Lair:3   | Noticed Vaxualodu's ghost (journeyman GnIE)
  9362 | Lair:3   | Found a runed gate.
  9365 | Lair:3   | Noticed an eight-headed hydra
  9489 | Lair:3   | Noticed an eight-headed hydra
  9499 | Lair:3   | HP: 18/70 [eight-headed hydra (9)]
  9504 | Lair:3   | Killed an eight-headed hydra
  9541 | Lair:3   | Noticed a death yak
  9569 | Lair:3   | Killed a death yak
  9711 | Lair:3   | Noticed a death yak
  9738 | Lair:3   | Killed a death yak
  9770 | Lair:3   | Noticed a death yak
  9770 | Lair:3   | Noticed a death yak
  9771 | Lair:3   | Noticed a death yak
  9777 | Lair:3   | Noticed a death yak
  9821 | Lair:3   | Found a runed gate.
  9821 | Lair:3   | Found a runed gate.
  9840 | Lair:2   | Killed a death yak
  9840 | Lair:2   | Reached skill level 14 in Maces & Flails
  9840 | Lair:2   | Gained mutation: You regenerate a lot of health from kills.
                  | [demonic ancestry]
  9840 | Lair:2   | Reached XP level 12. HP: 68/76 MP: 12/12
  9851 | Lair:3   | Noticed a five-headed hydra
  9864 | Lair:2   | HP: 9/76 [death yak (19)]
  9866 | Lair:2   | HP: 1/76 [death yak (8)]
 10076 | D:9      | Found a runed door.
 10076 | D:9      | Noticed confidenceinterval's ghost (novice MfSu)
 10208 | D:9      | Found a blossoming altar of Fedhas.
 10295 | D:9      | Reached skill level 2 in Fighting
 10308 | D:9      | Got a pair of fine boots
 10319 | D:9      | Identified the +2 pair of boots "Hob Dara" {rC+} (You found
                  | it on level 9 of the Dungeon)
 10415 | D:9      | Noticed Joseph
 10426 | D:9      | Killed Joseph
 10480 | D:9      | Found a white marble altar of Elyvilon.
 10500 | D:9      | Reached skill level 3 in Fighting
 10564 | D:9      | Reached **** piety under Makhleb
 10586 | D:9      | Got a shimmering whip
 10587 | D:9      | Identified the cursed +3 whip of the Inferno {slash, rPois
                  | rC+ Str+8 Int-4} (You found it on level 9 of the Dungeon)
 10622 | D:9      | Found an iron altar of Okawaru.
 10641 | D:9      | Found a hazy altar of Hepliaklqana.
 10816 | D:9      | Killed confidenceinterval's ghost
 10847 | D:10     | Entered Level 10 of the Dungeon
 11108 | D:10     | Reached skill level 4 in Fighting
 11221 | D:10     | Reached skill level 12 in Armour
 11643 | D:11     | Reached skill level 5 in Fighting
 11681 | D:11     | Noticed a two-headed ogre
 12223 | D:11     | Killed a two-headed ogre
 12223 | D:11     | Reached skill level 6 in Fighting
 12392 | D:11     | Found a staircase to the Orcish Mines.
 12551 | D:11     | Noticed Urug
 12567 | D:11     | Killed Urug
 12567 | D:11     | Reached skill level 7 in Fighting
 12846 | Orc:1    | Entered Level 1 of the Orcish Mines
 13086 | D:6      | Killed NorthaanB's ghost
 13162 | Lair:1   | HP: 25/91 [scroll of holy word (22)]
 13417 | Lair:3   | Reached ***** piety under Makhleb
 13668 | Lair:3   | Killed a five-headed hydra
 13668 | Lair:3   | Reached skill level 8 in Fighting
 13680 | Lair:3   | Found a staircase to the Shoals.
 13712 | Lair:3   | Killed a death yak
 13772 | Lair:3   | Gained mutation: You are partially covered in large bone
                  | plates. (SH +4) [demonic ancestry]
 13772 | Lair:3   | Reached XP level 13. HP: 96/99 MP: 13/13
 14321 | Lair:4   | Reached skill level 9 in Fighting
 14625 | Lair:4   | Reached skill level 13 in Armour
 14787 | Lair:4   | Found a hole to the Spider Nest.
 15330 | Lair:5   | Found a dark tunnel.
 15345 | Volcano  | Entered a volcano
 15801 | Volcano  | Found a radiant altar of Vehumet.
 15824 | Volcano  | Reached skill level 10 in Fighting
 15832 | Volcano  | HP: 28/103 [something (5)]
 15840 | Volcano  | HP: 24/103 [salamander/+3 trident of venom (7)]
 16451 | Lair:5   | Found a staircase to the Slime Pits.
 16686 | Lair:6   | Entered Level 6 of the Lair of Beasts
 16752 | Lair:6   | Reached skill level 11 in Fighting
 17409 | Lair:6   | Reached ****** piety under Makhleb
 17457 | Lair:6   | Reached skill level 12 in Fighting
 17560 | Lair:6   | Reached XP level 14. HP: 99/115 MP: 14/14
 18231 | Lair:6   | Found a burning altar of Makhleb.
 18288 | Lair:6   | Reached skill level 14 in Armour
 18379 | Lair:6   | Found a gateway to Hell.
 18646 | Orc:2    | Entered Level 2 of the Orcish Mines
 18663 | Orc:2    | Found a gate leading to a gauntlet.
 18671 | Gauntlet | Entered a Gauntlet
 18671 | Gauntlet | Found a transporter.
 18673 | Gauntlet | Found a transporter.
 18674 | Gauntlet | Found a transporter.
 18675 | Gauntlet | Found a transporter.
 18678 | Gauntlet | Found a transporter.
 18685 | Gauntlet | Found a transporter.
 18687 | Gauntlet | Found a transporter.
 18689 | Gauntlet | Found a transporter.
 18697 | Gauntlet | Found a transporter.
 18698 | Gauntlet | Found a transporter.
 18780 | Gauntlet | Found a transporter.
 18826 | Gauntlet | Found a transporter.
 19014 | Gauntlet | Reached skill level 13 in Fighting
 19065 | Gauntlet | Got a pair of crude gloves
 19095 | Gauntlet | Identified the +2 pair of gloves of Hoapof {rC+} (You found
                  | it in a Gauntlet)
 19156 | Gauntlet | Identified the Volume of Confrontation and Ice
 19158 | Gauntlet | Got a transparent demon whip
 19159 | Gauntlet | Identified the cursed +2 demon whip of Discord {pain, rF+++
                  | rN+ Str+3} (You found it in a Gauntlet)
 19185 | Orc:2    | Noticed Snorg
 19205 | Orc:2    | Killed Snorg
 19294 | Orc:2    | Found a staircase to the Elven Halls.
 19896 | Orc:1    | Found Pokef's Magic Scroll Shop.
 20445 | Orc:2    | Found Ceapsusch's Gadget Shoppe.
 20445 | Orc:2    | Found Rysong's Weapon Emporium.
 20448 | Orc:2    | Found Zets's Magic Scroll Shoppe.
 20448 | Orc:2    | Found Magg's Magic Scroll Emporium.
 20591 | Orc:2    | Bought a scroll of blinking for 120 gold pieces
 20794 | D:12     | Noticed Nergalle
 20807 | D:12     | Killed Nergalle
 20820 | D:12     | Noticed Nessos
 20831 | D:12     | Killed Nessos
 20831 | D:12     | Reached skill level 14 in Fighting
 20970 | D:12     | Noticed Psyche
 20976 | D:12     | Killed Psyche
 21017 | D:12     | Found a roughly hewn altar of Beogh.
 22197 | D:13     | Found a gate to the Vaults.
 22358 | D:13     | You fall through a shaft for 2 floors!
 22358 | D:15     | Entered Level 15 of the Dungeon
 22359 | D:15     | Noticed Azrael
 22399 | D:15     | Killed Azrael
 22399 | D:15     | Reached XP level 15. HP: 127/127 MP: 15/15
 22757 | D:13     | Reached skill level 15 in Armour
 23069 | D:13     | Reached skill level 15 in Fighting
 23842 | D:14     | Identified the Guide on Dusty Poisoning
 24925 | D:15     | Found a staircase to the Depths.
 25043 | D:15     | Found a runed gate.
 25043 | D:15     | Found a runed gate.
 25052 | D:15     | Found a runed gate.
 25055 | D:15     | Noticed a fire giant
 25057 | D:15     | Noticed Oppon's ghost (veteran MfBe)
 25600 | Lair:2   | Killed Vaxualodu's ghost
 25744 | Spider:1 | Entered Level 1 of the Spider Nest
 25788 | Spider:1 | HP: 28/130 [tarantella (17)]
 25789 | Spider:1 | HP: 8/130 [redback (12)]
 25794 | Lair:4   | HP: 32/130 [poisoned by a redback]
 25796 | Lair:4   | HP: 12/130 [demonic crawler (7)]
 25798 | Lair:4   | HP: 5/130 [demonic crawler (6)]
 25804 | Lair:4   | HP: 25/130 [demonic crawler (3)]
 25961 | Spider:1 | HP: 39/130 [wolf spider (10)]
 25966 | Spider:1 | HP: 29/130 [poisoned by a redback]
 25972 | Spider:1 | HP: 28/130 [poisoned by a redback]
 25974 | Spider:1 | Found a frozen archway.
 25979 | Spider:1 | HP: 28/130 [poisoned by a redback]
 25984 | Spider:1 | HP: 19/130 [poisoned by a redback]
 25989 | IceCv    | Entered an ice cave
 25990 | IceCv    | HP: 16/130 [poisoned by a redback]
 25998 | IceCv    | HP: 20/130 [poisoned by a redback]
 26886 | IceCv    | Noticed an Ice Fiend
 26891 | IceCv    | Reached skill level 16 in Fighting
 26904 | IceCv    | Reached skill level 1 in Invocations
 26920 | IceCv    | Killed an Ice Fiend
 26920 | IceCv    | Reached skill level 16 in Armour
 26920 | IceCv    | Reached skill level 2 in Invocations
 26945 | IceCv    | Reached skill level 3 in Invocations
 27174 | IceCv    | Got a pair of steaming boots
 27218 | IceCv    | Identified the +0 pair of boots of Oproihoef {SInv} (You
                  | found it in an ice cave)
 27253 | Spider:1 | Reached skill level 4 in Invocations
 27281 | Spider:1 | Reached skill level 5 in Invocations
 27423 | Spider:1 | Reached skill level 6 in Invocations
 27672 | Spider:1 | Noticed Agnes
 27686 | Spider:1 | Killed Agnes
 27686 | Spider:1 | Reached XP level 16. HP: 133/138 MP: 19/21
 27723 | Spider:1 | Reached skill level 7 in Invocations
 28019 | Spider:2 | Noticed Louise
 28066 | Spider:1 | Killed Louise
 28303 | Spider:2 | Reached skill level 8 in Invocations
 28875 | Spider:2 | Reached skill level 9 in Invocations
 28976 | Spider:3 | Noticed Jorgrun
 28994 | Spider:3 | Killed Jorgrun
 29473 | Spider:3 | HP: 20/138 [disintegration (23)]
 29479 | Spider:3 | HP: 20/138 [spark wasp (4)]
 29479 | Spider:3 | HP: 7/138 [spark wasp (13)]
 29480 | Spider:3 | Blown up by an orb spider

Vault maps used:
D:1:      dpeg_arrival_fog
D:2:      uniq_terence
D:3:      portal_sewer_entry_d, uniq_jessica, uniq_crazy_yiuf_cottage
D:4:      overflow_temple_1_default, tso_altar, kennysheep_mini_moat,
          grunt_temple_overflow_open, minmay_temple_entry_nine_rooms,
          first_ration, uniq_pikel, uniq_robin
D:5:      led_xom_imps, uniq_prince_ribbit1, uniq_menkaure, uniq_blork_the_orc,
          uniq_ijyb
D:6:      hellmonk_ghost_happy_afterlife, serial_glass, glass_columns_a,
          glass_columns_a, minmay_misc_feat_diagonals,
          kennysheep_generic_room_11, uniq_edmund
D:8:      david_lair_shrubbed
D:9:      elyvilon_altar_5, lemuel_round_altar, kennysheep_little_box,
          hellmonk_ghost_happy_afterlife, basic_altar, uniq_joseph
D:10:     minmay_separated_statues, hangedman_pestilent_swarm
D:11:     lemuel_flame_loot_2, serial_ice, serial_ice_n, serial_ice_m,
          serial_ice_c, serial_ice_g, serial_bayou_ford_a, uniq_urug
D:12:     uniq_psyche, uniq_nessos, uniq_nergalle
D:13:     ximxim_vaults_locker_room
D:14:     roderic_malta_cross
D:15:     grunt_enter_depths_magical_seal, gammafunk_ghost_fury_of_okawaru,
          hangedman_decor_opposing, uniq_azrael
Temple:   compressed_dpeg_circular_temple
Lair:2:   serial_bayou_shore_a, lemuel_fruit_tree, grunt_megastairs_2,
          lemuel_fruit_fields
Lair:3:   shoals_dummy_entry, gammafunk_ghost_split
Lair:4:   nicolae_spider_entry_orb_guardian, serial_bayou_shore_b
Lair:5:   minmay_slime_entry_pillars, enter_volcano_4
Lair:6:   evil_forest, infiniplex_staircase_pool, minmay_lair_oklob_chamber,
          lemuel_fruit_fields
Spider:1: portal_ice_cave_entry_dragon, uniq_agnes
Spider:2: uniq_louise
Spider:3: hangedman_stitches_earthworm, uniq_jorgrun
Orc:1:    serial_shops, shop
Orc:2:    st_orc_mages, gauntlet_entry_generic, statue_in_the_mist_lemuel,
          mines2_lemuel, uniq_snorg
Sewer:    sewer_co_15_rooms
IceCv:    ice_cave_caverns_01
Volcano:  volcano_lake
Gauntlet: minmay_gauntlet_mixed_big_or_small

Skill      XL: |  1  2  3  4  5  6  7  8  9 10 11 12 13 14 15 16 |
---------------+-------------------------------------------------+-----
Maces & Flails | 3 4 5 6 7 9 11 12 14 | 14.8
Armour         | 4 5 6 7 8 10 11 12 13 14 16 | 16.0
Fighting       | 8 12 14 16 | 16.0
Invocations    | 6 9 |  9.9
Stealth        | |  1.7

Action                   |  1- 3 |  4- 6 |  7- 9 | 10-12 | 13-15 | 16-18 || total
-------------------------+-------+-------+-------+-------+-------+-------++-------
Melee: Mace              |    82 |   124 |   255 |       |       |       ||   461
       Headbutt          |     8 |    29 |   101 |   246 |   535 |    72 ||   991
       Whip              |       |       |     4 |       |       |       ||     4
       Dire flail        |       |       |   134 |   907 |  2156 |    54 ||  3251
       Flail             |       |       |    18 |       |       |       ||    18
       Demon whip        |       |       |       |       |    50 |       ||    50
       Eveningstar       |       |       |       |       |       |   297 ||   297
Throw: Stone             |    10 |     6 |     2 |       |       |       ||    18
       Tomahawk          |       |       |     2 |    24 |     8 |       ||    34
       Throwing net      |       |       |       |       |     1 |       ||     1
       Javelin           |       |       |       |       |     3 |       ||     3
Invok: Lesser Servant of |       |       |       |       |     2 |       ||     2
Evoke: Wand              |       |     2 |     2 |     2 |    12 |       ||    18
  Use: Scroll            |     5 |     9 |     6 |    15 |     9 |       ||    44
       Potion            |       |     1 |     2 |     3 |     5 |     1 ||    12
 Stab: Sleeping          |       |       |     1 |       |       |       ||     1
       Paralysed         |       |       |       |       |     4 |       ||     4
  Eat: Chunk             |       |     6 |    12 |    18 |    35 |     6 ||    77
       Ration            |       |       |       |     2 |     3 |       ||     5
Armor: Ring mail         |    40 |       |       |       |       |       ||    40
       Scale mail        |     5 |       |   106 |       |       |       ||   111
       Chain mail        |       |    86 |   102 |       |     4 |       ||   192
       Plate armour      |       |       |    43 |   488 |  1247 |   284 ||  2062
Dodge: Dodged            |    61 |    39 |   212 |   263 |   845 |   156 ||  1576
       Deflected         |       |       |       |       |     6 |     5 ||    11
Block: Other             |       |       |       |       |   289 |    47 ||   336

Table legend:
 A = Non-vault XP
 B = Vault XP
 C = Vault XP percentage of total XP
 D = Non-vault monster count
 E = Vault monster count
 F = Vault count percentage of total count
                 A         B        C        D         E       F
            +---------+---------+-------+---------+---------+-------
      Total |  103627 |   76163 |  42.4 |     606 |     304 |  33.4
            +---------+---------+-------+---------+---------+-------
        D:1 |      62 |       0 |   0.0 |      24 |       0 |   0.0
        D:2 |      20 |      36 |  64.3 |       5 |       1 |  16.7
        D:3 |     156 |      91 |  36.8 |      18 |       3 |  14.3
        D:4 |     260 |     396 |  60.4 |      16 |      12 |  42.9
        D:5 |     560 |     771 |  57.9 |      15 |       8 |  34.8
        D:6 |     496 |     579 |  53.9 |      17 |       2 |  10.5
        D:7 |    1152 |       0 |   0.0 |      33 |       0 |   0.0
        D:8 |    1770 |     367 |  17.2 |      27 |       1 |   3.6
        D:9 |    1720 |    1259 |  42.3 |      21 |       2 |   8.7
       D:10 |    1176 |     890 |  43.1 |       9 |       4 |  30.8
       D:11 |    4795 |    1148 |  19.3 |      42 |       5 |  10.6
       D:12 |    5258 |    3412 |  39.4 |      37 |      29 |  43.9
       D:13 |    6143 |    3504 |  36.3 |      43 |      10 |  18.9
       D:14 |    7893 |       0 |   0.0 |      43 |       0 |   0.0
       D:15 |    3839 |    8223 |  68.2 |      10 |      20 |  66.7
     Lair:1 |    3420 |       0 |   0.0 |      16 |       0 |   0.0
     Lair:2 |    8241 |    4444 |  35.0 |      33 |      11 |  25.0
     Lair:3 |    8323 |     189 |   2.2 |      26 |       1 |   3.7
     Lair:4 |    7499 |     547 |   6.8 |      25 |       1 |   3.8
     Lair:5 |    1981 |    1020 |  34.0 |      11 |       3 |  21.4
     Lair:6 |    9690 |   11348 |  53.9 |      36 |      27 |  42.9
   Spider:1 |   10847 |    4811 |  30.7 |      26 |       3 |  10.3
   Spider:2 |   11810 |     623 |   5.0 |      38 |       3 |   7.3
   Spider:3 |    4055 |    4646 |  53.4 |      11 |       9 |  45.0
      Orc:1 |    1652 |       0 |   0.0 |      17 |       0 |   0.0
      Orc:2 |     809 |    6722 |  89.3 |       7 |      44 |  86.3
      Sewer |       0 |     278 | 100.0 |       0 |      16 | 100.0
      IceCv |       0 |   11220 | 100.0 |       0 |      59 | 100.0
    Volcano |       0 |    5132 | 100.0 |       0 |      18 | 100.0
   Gauntlet |       0 |    4507 | 100.0 |       0 |      12 | 100.0
            +---------+---------+-------+---------+---------+-------

Table legend:
 A = Turns spent in this place as a percentage of turns spent in the entire game.
 B = Non-inter-level travel turns spent in this place as a percentage of non-inter-level travel turns spent in the entire game.
 C = Inter-level travel turns spent in this place as a percentage of turns spent in this place.
 D = Turns resting spent in this place as a percentage of non-inter-level travel turns spent in this place.
 E = Turns spent auto-exploring this place as a percentage of non-inter-level travel turns spent in this place.
 F = Non-inter-level travel turns spent in this place divided by the number of levels of this place that you've seen.
                   A       B       C       D       E      F
               +-------+-------+-------+-------+-------+----------------------
         Total | 100.0 | 100.0 |   7.1 |  10.3 |  41.8 | 883.6
       Dungeon |  48.6 |  47.6 |   8.9 |   6.9 |  47.8 | 869.4
        Temple |   0.3 |   0.3 |  12.9 |   0.0 |  83.0 |  88.0
          Lair |  27.3 |  26.8 |   8.8 |  13.0 |  48.4 | 1223.7
   Spider Nest |   7.9 |   8.4 |   1.4 |  10.6 |  36.5 | 767.0
  Orcish Mines |   5.7 |   5.9 |   3.3 |   1.3 |  25.6 | 813.0
         Sewer |   1.6 |   1.7 |   0.0 |  18.1 |  25.6 | 476.0
      Ice Cave |   4.2 |   4.6 |   0.0 |  45.1 |  11.2 | 1249.0
       Volcano |   2.6 |   2.8 |   0.0 |   4.3 |  10.0 | 772.0
      Gauntlet |   1.7 |   1.8 |   0.0 |   0.6 |   0.0 | 496.0
               +-------+-------+-------+-------+-------+----------------------

Vault maps used:
D:1:      dpeg_arrival_fog
D:2:      uniq_terence
D:3:      portal_sewer_entry_d, uniq_jessica, uniq_crazy_yiuf_cottage
D:4:      overflow_temple_1_default, tso_altar, kennysheep_mini_moat,
          grunt_temple_overflow_open, minmay_temple_entry_nine_rooms,
          first_ration, uniq_pikel, uniq_robin
D:5:      led_xom_imps, uniq_prince_ribbit1, uniq_menkaure, uniq_blork_the_orc,
          uniq_ijyb
D:6:      hellmonk_ghost_happy_afterlife, serial_glass, glass_columns_a,
          glass_columns_a, minmay_misc_feat_diagonals,
          kennysheep_generic_room_11, uniq_edmund
D:8:      david_lair_shrubbed
D:9:      elyvilon_altar_5, lemuel_round_altar, kennysheep_little_box,
          hellmonk_ghost_happy_afterlife, basic_altar, uniq_joseph
D:10:     minmay_separated_statues, hangedman_pestilent_swarm
D:11:     lemuel_flame_loot_2, serial_ice, serial_ice_n, serial_ice_m,
          serial_ice_c, serial_ice_g, serial_bayou_ford_a, uniq_urug
D:12:     uniq_psyche, uniq_nessos, uniq_nergalle
D:13:     ximxim_vaults_locker_room
D:14:     roderic_malta_cross
D:15:     grunt_enter_depths_magical_seal, gammafunk_ghost_fury_of_okawaru,
          hangedman_decor_opposing, uniq_azrael
Temple:   compressed_dpeg_circular_temple
Lair:2:   serial_bayou_shore_a, lemuel_fruit_tree, grunt_megastairs_2,
          lemuel_fruit_fields
Lair:3:   shoals_dummy_entry, gammafunk_ghost_split
Lair:4:   nicolae_spider_entry_orb_guardian, serial_bayou_shore_b
Lair:5:   minmay_slime_entry_pillars, enter_volcano_4
Lair:6:   evil_forest, infiniplex_staircase_pool, minmay_lair_oklob_chamber,
          lemuel_fruit_fields
Spider:1: portal_ice_cave_entry_dragon, uniq_agnes
Spider:2: uniq_louise
Spider:3: hangedman_stitches_earthworm, uniq_jorgrun
Orc:1:    serial_shops, shop
Orc:2:    st_orc_mages, gauntlet_entry_generic, statue_in_the_mist_lemuel,
          mines2_lemuel, uniq_snorg
Sewer:    sewer_co_15_rooms
IceCv:    ice_cave_caverns_01
Volcano:  volcano_lake
Gauntlet: minmay_gauntlet_mixed_big_or_small
